 Dungeon Crawl Stone Soup version 0.23-a0-378-gd7a6ca6 (webtiles) character file.

25382 MTVSty1e the Severer (level 13, -2/122 HPs)
             Began as a Hill Orc Fighter on Oct 27, 2018.
             Was a High Priest of Okawaru.
             Slain by an elephant (4 damage)
             ... on level 4 of the Lair of Beasts.
             The game lasted 00:25:19 (17155 turns).

MTVSty1e the Severer (Hill Orc Fighter)            Turns: 17155, Time: 00:25:20

Health: -2/122     AC: 16    Str: 29    XL:     13   Next: 19%
Magic:  22/22      EV:  2    Int:  8    God:    Okawaru [*****.]
Gold:   831        SH:  0    Dex: 10    Spells: 12/12 levels left

rFire    + . .     SeeInvis +   a - +1 war axe
rCold    + + +     Gourm    .   c - +0 shield
rNeg     + + +     Faith    .   G - +4 scale mail {MR+}
rPois    ∞         Spirit   .   w - +0 helmet {SInv}
rElec    .         Reflect  .   D - scarf {rC+ rF+}
rCorr    .         Harm     .   H - +0 pair of gloves
MR       +....                  q - +0 pair of boots
Stlth    +.........             (no amulet)
HPRegen  0.30/turn              J - ring of protection from cold
MPRegen  0.18/turn              y - ring of poison resistance

@: mighty, petrified, heroism
A: cold resistance 1
a: Heroism, Finesse, Renounce Religion


You were on level 4 of the Lair of Beasts.
You worshipped Okawaru.
Okawaru was extremely pleased with you.
You were not hungry.

You visited 3 branches of the dungeon, and saw 15 of its levels.
You also visited: Sewer.

You collected 853 gold pieces.
You spent 22 gold pieces at shops.

Inventory:

Hand Weapons
 a - a +1 war axe (weapon)
 C - a +2 executioner's axe of electrocution
 L - a +2 scimitar of flaming
Armour
 c - a +0 shield (worn)
 l - a +1 plate armour
 q - a +0 pair of boots (worn)
 w - a +0 helmet of see invisible (worn)
 D - a scarf of resistance (worn)
 G - a +4 scale mail of magic resistance (worn)
 H - a +0 pair of gloves (worn)
 K - a +0 cloak of poison resistance
Jewellery
 s - an uncursed ring of flight
 y - a ring of poison resistance (right hand)
 J - a ring of protection from cold (left hand)
Wands
 b - a wand of disintegration (9)
 v - a wand of scattershot (12)
 B - a wand of digging (13)
 I - a wand of polymorph (28)
 O - a wand of flame (27)
Scrolls
 e - 4 scrolls of remove curse
 g - 2 scrolls of enchant weapon
 h - 3 scrolls of teleportation
 i - 3 scrolls of fear
 j - 3 scrolls of identify
 r - 4 scrolls of blinking
 F - a scroll of fog
 M - 3 scrolls of enchant armour
 Q - a scroll of amnesia
Potions
 d - 3 potions of might
 k - 7 potions of curing
 n - 3 potions of flight
 o - a potion of invisibility
 p - 2 potions of agility
 t - 3 potions of haste
 u - a potion of berserk rage
 x - a potion of resistance
 z - 2 potions of mutation
 E - 2 potions of lignification
 N - a potion of cancellation
 P - a potion of magic
 R - a potion of brilliance {unknown}
Comestibles
 f - 8 rations


   Skills:
 + Level 13.6(18.6) Fighting
 * Level 19.2(24.2) Axes
 + Level 3.8(8.8) Armour
 - Level 3.2(8.2) Shields
 + Level 12.2 Invocations


You had 12 spell levels left.
You didn't know any spells.
Your spell library contained the following spells:

 Spells                   Type           Power        Failure   Level  Hunger
 Animate Skeleton         Necr           N/A          89%         1    ##.....
 Apportation              Tloc           #.....       89%         1    ##.....
 Confusing Touch          Hex            #.....       89%         1    ##.....
 Corona                   Hex            #......      89%         1    ##.....
 Shock                    Conj/Air       #...         89%         1    ##.....
 Summon Small Mammal      Summ           #...         89%         1    ##.....
 Slow                     Hex            #.......     96%         2    ###....
 Call Canine Familiar     Summ           #.......     99%         3    ####...
 Confuse                  Hex            #.......     99%         3    ####...
 Gell's Gravitas          Tloc           #.........   99%         3    ####...
 Inner Flame              Hex/Fire       #.......     99%         3    ####...
 Portal Projectile        Hex/Tloc       #.....       99%         3    ####...
 Airstrike                Air            #.........   100%        4    #####..
 Cause Fear               Hex            #.........   100%        4    #####..
 Fulminant Prism          Conj/Hex       #.........   100%        4    #####..
 Leda's Liquefaction      Hex/Erth       #.........   100%        4    #####..
 Petrify                  Tmut/Erth      #.......     100%        4    #####..
 Summon Ice Beast         Ice/Summ       #.......     100%        4    #####..
 Metabolic Englaciation   Hex/Ice        #.........   100%        5    ######.
 Silence                  Hex/Air        #.........   100%        5    ######.
 Yara's Violent Unravell  Hex/Tmut       #.........   100%        5    ######.
 Darkness                 Hex            #.........   100%        6    #######
 Deflect Missiles         Chrm/Air       #.........   100%        6    #######
 Spellforged Servitor     Conj/Summ      #.........   100%        7    #######
 Discord                  Hex            #.........   100%        8    #######


Dungeon Overview and Level Annotations

Branches:
Dungeon (9/15)             Temple (1/1) D:6            Lair (5/6) D:8
  Swamp (0/4) Lair:2       Spider (0/4) Lair:3
  Slime: Lair:5-6       Orc: D:9-12

Altars:
Ashenzari
Cheibriados
Dithmenos
Elyvilon
Fedhas
Gozag
Hepliaklqana
Kikubaaqudgha
Makhleb
Nemelex Xobeh
Okawaru
Qazlal
Ru
Sif Muna
Trog
Uskayaw
Vehumet
Wu Jian
Xom
Yredelemnul
Zin
The Shining One

Shops:
D:4 *   D:5 (

Annotations:
D:3 2 transporters
Lair:2 1 runed door, Cuyts's ghost, journeyman DsGl


Innate Abilities, Weirdness & Mutations

Your flesh is cold resistant. (rC+)


Message History

* * * LOW HITPOINT WARNING * * *
The killer bee stings you but does no damage. x2
The basilisk bites you!
* * * LOW HITPOINT WARNING * * *
The elephant barely misses you.
The elephant trunk-slaps you but does no damage.
The death yak gores you!!
* * * LOW HITPOINT WARNING * * *
The killer bee stings you but does no damage.
The killer bee completely misses you. The basilisk bites you.
* * * LOW HITPOINT WARNING * * *
The elephant tramples you but does no damage.
The elephant trunk-slaps you but does no damage.
The death yak gores you.
* * * LOW HITPOINT WARNING * * *
The killer bee stings you but does no damage.
The killer bee stings you. The basilisk bites you.
* * * LOW HITPOINT WARNING * * *
The elephant tramples you!
You die...

...#..##.....#...##...#..........
#..#......#......##....##.....#.#
.....#................###...P##..
....#..........#.......##........
#+..#...#.#....###......##.......
.................................
......#......##....[..........(..
#.....#........Y.y.....#.....##..
##...#..#.....≈l@.≈≈≈≈..###.####.
.#..........#.≈.≈Y≈≈≈≈...##..##..
...###..P....≈≈≈≈≈≈≈≈≈.......##..
............≈≈≈≈≈≈≈≈≈≈.......##..
.....P.......≈≈≈≈≈≈≈≈............
..###........≈≈≈≈≈≈≈.............
...##.....###..≈≈≈≈.....#.#....<.
..###..#..# ##...................
...##....## #####..#.....P.....<


You could see a death yak, an elephant, a basilisk and a killer bee.

Vanquished Creatures
  5 hydras
  Erica (Lair:1)
  3 death yaks
  Nergalle (Lair:3)
  Pikel (D:8)
  10 elephants
  2 black mambas
  6 komodo dragons
  A troll (D:9)
  A meliai (Lair:4)
  7 hippogriffs
  8 blink frogs
  4 bog bodies (Lair:2)
  Sigmund (D:3)
  Grum (Lair:1)
  13 yaks
  A basilisk (Lair:4)
  2 wyverns
  A hungry ghost (D:7)
  Menkaure (D:6)
  5 water moccasins
  An orc warrior (D:8)
  4 porcupines (Lair:1)
  A black bear (D:9)
  4 ice beasts
  2 sky beasts
  3 slaves (D:8)
  5 ogres
  2 phantoms
  3 centaurs
  4 wolves
  10 crocodiles
  A big kobold (D:9)
  11 bullfrogs
  4 scorpions
  10 killer bees
  8 wights
  An electric eel (Lair:2)
  A howler monkey (D:5)
  3 crimson imps
  3 jellies
  A hound (Temple)
  A bullfrog zombie (D:6)
  2 orc priests (D:3)
  4 orc wizards
  2 bullfrog skeletons
  Jessica (D:2)
  An iguana (D:9)
  4 worker ants
  A hound zombie (D:7)
  3 hound skeletons
  A worker ant zombie (D:5)
  7 gnolls
  4 adders
  A shadow imp (D:5)
  4 oozes (Sewer)
  2 adder zombies
  7 worms
  A dart slug (D:1)
  9 leopard geckos
  15 orcs
  3 giant cockroaches
  6 goblins
  9 hobgoblins
  18 jackals
  5 quokkas
  2 ball pythons
  14 bats
  5 frilled lizards
  A jackal skeleton (D:4)
  15 kobolds
  A leopard gecko skeleton (D:4)
  A leopard gecko zombie (D:5)
  12 rats
  2 plants (Lair:2)
321 creatures vanquished.

Vanquished Creatures (others)
  3 fungi
  3 plants (Lair:3)
6 creatures vanquished.

Grand Total: 327 creatures vanquished

Notes
Turn   | Place    | Note
-------+----------+-------------------------------------------
     0 | D:1      | MTVSty1e the Hill Orc Fighter began the quest for the Orb.
     0 | D:1      | Reached XP level 1. HP: 19/19 MP: 1/1
    62 | D:1      | Reached skill level 3 in Axes
    81 | D:1      | Reached XP level 2. HP: 26/27 MP: 2/2
   180 | D:1      | Reached skill level 4 in Axes
   183 | D:1      | Reached XP level 3. HP: 31/33 MP: 3/3
   366 | D:2      | Noticed Jessica
   374 | D:2      | Killed Jessica
   400 | D:2      | Found an opulent altar of Gozag.
   402 | D:2      | Reached XP level 4. HP: 41/41 MP: 4/4
   476 | D:2      | Found a sacrificial altar of Ru.
   506 | D:2      | Reached skill level 5 in Axes
  1033 | D:3      | Noticed Sigmund
  1043 | D:3      | Killed Sigmund
  1043 | D:3      | Reached skill level 5 in Fighting
  1043 | D:3      | Reached skill level 6 in Axes
  1043 | D:3      | Reached XP level 5. HP: 10/48 MP: 5/5
  1043 | D:3      | Reached XP level 6. HP: 12/56 MP: 6/6
  1283 | D:3      | Found a glowing drain.
  1290 | Sewer    | Entered a sewer
  1294 | Sewer    | Reached skill level 7 in Axes
  2903 | D:3      | Found a transporter.
  2903 | D:3      | Found a transporter.
  2905 | D:3      | Noticed an ice beast
  2907 | D:3      | Found an ornate altar of the Wu Jian Council.
  3154 | D:4      | Reached skill level 8 in Axes
  3154 | D:4      | Reached XP level 7. HP: 58/63 MP: 7/7
  3294 | D:4      | Found Ipeotir's Assorted Antiques.
  3297 | D:4      | Bought a scroll labeled RUZXUXK HEKHLAE for 22 gold pieces
  3774 | D:5      | Entered Level 5 of the Dungeon
  3785 | D:5      | Found a basalt altar of Yredelemnul.
  3867 | D:5      | Found a snail-covered altar of Cheibriados.
  3998 | D:5      | Found a hazy altar of Hepliaklqana.
  4021 | D:5      | Found Jutixaup's Weapon Emporium.
  4069 | D:5      | Reached skill level 9 in Axes
  4272 | D:5      | Identified the Grimoire of the Birds and Summoning
  4767 | D:6      | Reached XP level 8. HP: 61/73 MP: 8/8
  4781 | D:6      | Reached skill level 10 in Axes
  4852 | D:6      | Found a staircase to the Ecumenical Temple.
  4868 | Temple   | Entered the Ecumenical Temple
  5006 | Temple   | Became a worshipper of Warmaster Okawaru
  5176 | D:6      | Noticed Menkaure
  5181 | D:6      | Killed Menkaure
  5449 | D:6      | Reached skill level 11 in Axes
  6186 | D:7      | Reached * piety under Okawaru
  6186 | D:7      | Reached skill level 1 in Invocations
  6235 | D:7      | Reached XP level 9. HP: 41/82 MP: 8/10
  6241 | D:7      | Reached skill level 12 in Axes
  6881 | D:7      | Found a shimmering altar of Xom.
  6881 | D:7      | Found an ancient bone altar of Kikubaaqudgha.
  6885 | D:7      | Found a radiant altar of Vehumet.
  7017 | D:8      | Noticed Pikel
  7039 | D:8      | Killed Pikel
  7039 | D:8      | Reached ** piety under Okawaru
  7117 | D:8      | Reached skill level 13 in Axes
  7602 | D:8      | Reached *** piety under Okawaru
  7602 | D:8      | Reached skill level 5 in Invocations
  8003 | D:8      | Found a staircase to the Lair.
  8036 | D:8      | Reached XP level 10. HP: 58/92 MP: 12/14
  8514 | D:9      | Reached skill level 10 in Fighting
  8641 | D:9      | Reached skill level 14 in Axes
  8645 | D:9      | Found a shattered altar of Ashenzari.
  8853 | D:9      | Reached **** piety under Okawaru
  9530 | Lair:1   | Entered Level 1 of the Lair of Beasts
  9619 | Lair:1   | Reached skill level 15 in Axes
  9624 | Lair:1   | Reached ***** piety under Okawaru
  9806 | Lair:1   | Reached XP level 11. HP: 89/102 MP: 15/17
  9841 | Lair:1   | Noticed a four-headed hydra
  9873 | Lair:1   | Killed a four-headed hydra
  9873 | Lair:1   | Received a gift from Okawaru
  9938 | Lair:1   | Reached skill level 16 in Axes
 10007 | Lair:1   | Noticed Grum
 10025 | Lair:1   | Killed Grum
 10454 | Lair:1   | Noticed Erica
 10474 | Lair:1   | Killed Erica
 10988 | Lair:2   | Noticed a five-headed hydra
 11124 | Lair:2   | Noticed a seven-headed hydra
 11134 | Lair:2   | Killed a four-headed hydra
 11134 | Lair:2   | Reached skill level 17 in Axes
 11436 | Lair:2   | Reached skill level 10 in Invocations
 11446 | Lair:2   | Reached XP level 12. HP: 89/112 MP: 19/19
 11498 | Lair:2   | Found a runed door.
 11498 | Lair:2   | Found a shimmering altar of Xom.
 11498 | Lair:2   | Noticed Cuyts's ghost (journeyman DsGl)
 11622 | Lair:2   | Killed a one-headed hydra
 12807 | Lair:2   | Found a staircase to the Swamp.
 13458 | Lair:3   | Identified the Reference Book on Bewitchment and Earth
 13481 | Lair:3   | Noticed Nergalle
 13482 | Lair:3   | Found a hole to the Spider Nest.
 13500 | Lair:3   | Killed Nergalle
 13502 | Lair:3   | Received a gift from Okawaru
 14354 | Lair:4   | Reached skill level 18 in Axes
 14509 | Lair:4   | Noticed a four-headed hydra
 14547 | Lair:4   | Killed a one-headed hydra
 15558 | Lair:4   | Gained mutation: You are clumsy. (Dex -2) [potion of
                  | mutation]
 15558 | Lair:4   | Gained mutation: You are resistant to electric shocks.
                  | (rElec) [potion of mutation]
 15559 | Lair:4   | Lost mutation: You are clumsy. (Dex -2) [potion of
                  | mutation]
 15559 | Lair:4   | Lost mutation: You are resistant to electric shocks.
                  | (rElec) [potion of mutation]
 15559 | Lair:4   | Gained mutation: You are dopey. (Int -2) [potion of
                  | mutation]
 15559 | Lair:4   | Gained mutation: Your flesh is cold resistant. (rC+)
                  | [potion of mutation]
 15559 | Lair:4   | Lost mutation: You are dopey. (Int -2) [potion of mutation]
 15854 | Lair:5   | Noticed a death yak
 15871 | Lair:5   | Noticed a death yak
 15871 | Lair:5   | Noticed a death yak
 15880 | Lair:4   | Killed a death yak
 16105 | Lair:5   | Noticed an eight-headed hydra
 16124 | Lair:5   | Killed a one-headed hydra
 16124 | Lair:5   | Reached XP level 13. HP: 19/122 MP: 21/21
 16672 | Lair:4   | Reached skill level 19 in Axes
 17154 | Lair:4   | HP: 6/122 [basilisk (3)]
 17155 | Lair:4   | HP: 2/122 [basilisk (2)]
 17155 | Lair:4   | Slain by an elephant

Vault maps used:
D:1:      ncdulo_wetmaze, nrook_loot_triangle
D:2:      nicolae_gozag_seed_capital, hangedman_ru_absence, uniq_jessica
D:3:      gammafunk_temple_overflow_arena, gup_sewer_entry_bubbles, uniq_sigmund
D:4:      serial_shops, kennysheep_mini_moat
D:5:      kennysheep_little_box, yredelemnul_altar_generic,
          lemuel_crystal_altar, serial_shops, shop, first_ration
D:6:      minmay_temple_entry_grid, uniq_menkaure
D:7:      grunt_temple_overflow_open
D:8:      lair_entry_dummy, uniq_pikel
D:9:      minmay_bloctagon, lemuel_coloured_pillars_altar,
          corexii_hall_statues_l
Temple:   minmay_temple_bridge_abc
Lair:1:   grunt_megastairs_3, uniq_erica, uniq_grum
Lair:2:   nicolae_swamp_entry_splash_gauntlet, ebering_ghost_xom
Lair:3:   dummy_spider_entry, lemuel_fruit_fields, serial_bayou_shore_b,
          uniq_nergalle
Lair:4:   grunt_megastairs_2, infiniplex_staircase_pool
Lair:5:   regret_index_tunnel_blossom, lab_entry_generic, disabler_island,
          uniq_rupert
Sewer:    sewer_fruit_machine

Skill      XL: |  1  2  3  4  5  6  7  8  9 10 11 12 13 |
---------------+----------------------------------------+-----
Axes           | 3 4 6 8 9 11 13 15 17 18 19 | 19.2
Fighting       | 4 5 6 7 8 9 11 12 13 | 13.6
Invocations    | 1 5 8 10 11 12 | 12.2
Armour         | |  3.8
Shields        | |  3.2

Action                   |  1- 3 |  4- 6 |  7- 9 | 10-12 | 13-15 || total
-------------------------+-------+-------+-------+-------+-------++-------
Melee: War axe           |    54 |   310 |   319 |   475 |    37 ||  1195
       Executioner's axe |       |       |       |    40 |       ||    40
       Whip              |       |       |       |    13 |       ||    13
       Scimitar          |       |       |       |    35 |       ||    35
Invok: Heroism           |       |       |       |     5 |     2 ||     7
       Finesse           |       |       |       |     1 |       ||     1
  Use: Potion            |       |     2 |     1 |     5 |     5 ||    13
       Scroll            |       |     6 |    10 |     9 |       ||    25
  Eat: Chunk             |       |     3 |     6 |     1 |       ||    10
       Ration            |       |     2 |     4 |     8 |     1 ||    15
Armor: Scale mail        |    25 |    16 |       |   108 |    79 ||   228
       Plate armour      |       |   273 |   177 |   249 |       ||   699
Dodge: Dodged            |    20 |    65 |    46 |   146 |    60 ||   337
Block: Shield            |    26 |   229 |   154 |   265 |    44 ||   718
       Rpst.: Scimitar   |       |       |       |     4 |     2 ||     6

Table legend:
 A = Non-vault XP
 B = Vault XP
 C = Vault XP percentage of total XP
 D = Non-vault monster count
 E = Vault monster count
 F = Vault count percentage of total count
                 A         B        C        D         E       F
            +---------+---------+-------+---------+---------+-------
      Total |   27485 |    8776 |  24.2 |     240 |      76 |  24.1
            +---------+---------+-------+---------+---------+-------
        D:1 |      38 |       0 |   0.0 |      20 |       0 |   0.0
        D:2 |      35 |      37 |  51.4 |      20 |       1 |   4.8
        D:3 |     189 |     221 |  53.9 |      28 |       6 |  17.6
        D:4 |     126 |       0 |   0.0 |      13 |       0 |   0.0
        D:5 |     323 |       0 |   0.0 |      12 |       0 |   0.0
        D:6 |     967 |     172 |  15.1 |      24 |       1 |   4.0
        D:7 |     858 |       0 |   0.0 |      17 |       0 |   0.0
        D:8 |    1368 |     651 |  32.2 |      15 |       1 |   6.2
        D:9 |    1059 |     877 |  45.3 |      17 |      10 |  37.0
     Temple |      45 |       0 |   0.0 |       1 |       0 |   0.0
     Lair:1 |    4474 |    2076 |  31.7 |      21 |       8 |  27.6
     Lair:2 |    6903 |    1109 |  13.8 |      18 |       5 |  21.7
     Lair:3 |    2595 |     777 |  23.0 |      10 |       1 |   9.1
     Lair:4 |    6361 |    1437 |  18.4 |      20 |      12 |  37.5
     Lair:5 |    2144 |    1341 |  38.5 |       4 |       4 |  50.0
      Sewer |       0 |      78 | 100.0 |       0 |      27 | 100.0
            +---------+---------+-------+---------+---------+-------
